 Dungeon Crawl Stone Soup version 0.18-a0-1805-g8ab820f (webtiles) character file.

12462 Zhenya25pyc the Basher (level 11, 0/71 HPs)
             Began as a Gargoyle Fighter on Apr 25, 2016.
             Was the Champion of Okawaru.
             Killed by divine providence
             ... invoked by a smoke demon
             ... summoned by Frances
              (15 damage)
             ... on level 12 of the Dungeon.
             The game lasted 00:29:43 (10686 turns).

Zhenya25pyc the Basher (Gargoyle Fighter)          Turns: 10686, Time: 00:29:43

Health: 0/71       AC: 32    Str: 25    XL:     11   Next: 93%
Magic:  15/15      EV:  6    Int: 13    God:    Okawaru [******]
Gold:   306        SH: 12    Dex: 12    Spells: 0 memorised, 10 levels left

rFire  x . .     SeeInvis +     A - +10 flail of the Blowfly {crush, +Rage rC- Str+3 Int+3}
rCold  + + .     Gourm    .     o - +7 plate armour of the Mind {+Fly rPois rC++ Str-2}
rNeg   + . .     Faith    .     c - +0 shield
rPois  ∞         Spirit   .     M - +0 helmet
rElec  +         Dismiss  +     i - +0 cloak
rCorr  .         Reflect  .     p - +0 pair of gloves {Dex+3}
SustAt .         Harm     .     (no boots)
MR     +....                    L - amulet of dismissal
Stlth  ..........               w - ring of ice
                                J - ring of Mofaycw {SInv Stlth+}

@: about to teleport, somewhat resistant to hostile enchantments, extremely
unstealthy
A: magic resistance 1, negative energy resistance 1, screaming 1, electricity
resistance, strong 1, unbreathing, petrification resistance, rot immunity,
subdued magic 1, AC +7
a: Heroism, Finesse, Renounce Religion, Evoke Berserk Rage, Evoke Flight


You were on level 12 of the Dungeon.
You worshipped Okawaru.
Okawaru was exalted by your worship.
You were not hungry.

You visited 2 branches of the dungeon, and saw 13 of its levels.
You also visited: Ossuary.

You collected 894 gold pieces.
You spent 588 gold pieces at shops.

Inventory:

Hand Weapons
 A - the +10 flail of the Blowfly (weapon) {crush, +Rage rC- Str+3 Int+3}
   (You found it on level 9 of the Dungeon)

   It inflicts extra damage upon your enemies.
   It affects your strength (+3).
   It affects your intelligence (+3).
   It makes you vulnerable to cold.
   It lets you go berserk.
Armour
 c - a +0 shield (worn)
 i - a +0 cloak (worn)
 o - the +7 plate armour of the Mind (worn) {+Fly rPois rC++ Str-2}
   (You bought it in a shop on level 6 of the Dungeon)

   It affects your strength (-2).
   It greatly protects you from cold.
   It protects you from poison.
   It lets you fly.
 p - a +0 pair of gloves of dexterity (worn)
 M - a +0 helmet (worn)
Jewellery
 w - a ring of ice (right hand)
 J - the ring of Mofaycw (left hand) {SInv Stlth+}
   (You took it off an orc on level 6 of the Dungeon)

   [ring of stealth]

   It lets you see invisible.
   It makes you more stealthy.
 L - an amulet of dismissal (around neck)
Scrolls
 a - a scroll of random uselessness {unknown}
 g - a scroll of blinking {unknown}
 k - 6 scrolls of identify
 n - a scroll of fear {unknown}
 s - 4 scrolls of teleportation
 t - a scroll of immolation {unknown}
 v - 6 scrolls of remove curse
 x - 4 scrolls of magic mapping
 y - 4 scrolls of recharging {unknown}
 B - a scroll of enchant weapon {unknown}
 I - a scroll of acquirement {unknown}
 N - a scroll of enchant armour {unknown}
 P - a scroll of amnesia {unknown}
Potions
 b - 4 potions of curing
 d - a potion of might
 e - a potion of cure mutation {unknown}
 h - 2 potions of ambrosia
 l - 3 potions of heal wounds
 q - 3 potions of flight
 u - 2 potions of agility
 D - a potion of brilliance {unknown}
 E - 3 potions of haste
 F - a potion of invisibility {unknown}
 G - 2 potions of lignification {unknown}
 H - a potion of resistance {unknown}
Comestibles
 f - 13 bread rations
 j - a slice of pizza
 m - 9 beef jerkies
 r - 2 meat rations
 z - 4 fruits
 C - 3 chunks of flesh


   Skills:
 + Level 9.2 Fighting
 * Level 11.4 Maces & Flails
 + Level 9.3 Armour
 + Level 9.4 Shields
 + Level 6.6 Invocations


You had 10 spell levels left.
You didn't know any spells.

Dungeon Overview and Level Annotations

Branches:
Dungeon (12/15)            Temple (1/1) D:5            Lair (0/8) D:8
    Orc: D:9-12

Altars:
Ashenzari
Cheibriados
Dithmenos
Elyvilon
Fedhas
Gozag
Kikubaaqudgha
Makhleb
Nemelex Xobeh
Okawaru
Pakellas
Qazlal
Ru
Sif Muna
Trog
Vehumet
Xom
Yredelemnul
Zin
The Shining One

Shops:
D:4 *   D:6 [   D:9 *

Annotations:
D:12 Frances


Innate Abilities, Weirdness & Mutations

You are resistant to torment.
Your stone body is resilient (AC +7).
You are immune to poison.
You resist negative energy.
You are resistant to electric shocks.
You can survive without breathing.
You are immune to petrification.
You are immune to rotting.
You are resistant to hostile enchantments.
You occasionally shout uncontrollably at your foes.
Your muscles are strong. (Str +2)
Your spells are a little easier to cast, but a little less powerful.


Message History

As you read the scroll labeled LOALIC ZEEGYIM, it crumbles to dust.
You feel strangely unstable.
It was a scroll of teleportation.
Frances hits you but does no damage.
The soul eater hits you but does no damage.
You block the hobgoblin's attack.
You feel much better. Frances hits you with a hand axe.
The soul eater hits you! You block the orc warrior's attack.
The hobgoblin hits you.
Frances says, "I command an army of devils.
What do you command?"
Frances mutters in a terrible tongue.
The shard of ice hits you! You partially resist.
* * * LOW HITPOINT WARNING * * *
The hellwing hits you.
* * * LOW HITPOINT WARNING * * *
Your amulet of dismissal vibrates suddenly!
The hellwing disappears!
You block Frances's attack. The smoke demon gestures at you.
Something smites you!
You die...

###### #######
.....###.....#
.........###.##
.....#######..######
.....# #(.###...
...#.# #(####.#
.###)# #)).#..###
#.# #.#......# #.###
#..$#.@#.# #...#
##..#.@# # ###.##
#...#3goo..# >.#
#..# #.#...#3#...#
#...###.##.#####.##
... #......## . #.
####.#.# .# #
###...# .. #
##.....# .#


You could see Frances, a soul eater, a smoke demon, an orc warrior and a
hobgoblin.

Vanquished Creatures
  Erolcha (D:10)
  A hydra (D:11)
  A skeletal warrior (D:9)
  2 unseen horrors
  2 hill giants (D:12)
  An ugly thing (D:11)
  A necromancer (D:9)
  Maurice (D:10)
  2 flying skulls (D:9)
  A vampire (D:11)
  3 yaks (D:9)
  4 wraiths
  A hippogriff (D:12)
  A warg (D:12)
  A water moccasin (D:9)
  2 hell hounds (D:8)
  A sky beast (D:10)
  2 phantoms
  2 ice beasts
  5 orc warriors
  5 necrophages
  10 ogres
  An eye of draining (D:10)
  3 centaurs
  A gnoll sergeant (D:9)
  A big kobold (D:8)
  4 giant frogs
  5 wights
  2 howler monkeys (D:6)
  6 crimson imps
  6 giant frog zombies
  3 hounds
  5 jellies
  2 orc priests
  11 orc wizards
  3 giant frog skeletons
  A centaur skeleton (D:9)
  6 iguanas
  7 worker ants
  A big kobold zombie (Ossuary)
  3 hound zombies
  3 hound skeletons
  9 mummies
  4 worker ant zombies
  A howler monkey zombie (D:9)
  15 gnolls
  A howler monkey skeleton (D:9)
  12 adders
  2 shadow imps
  An ooze (D:1)
  An adder zombie (D:9)
  5 adder skeletons
  2 dart slugs (D:1)
  3 giant geckos
  41 orcs
  7 bats
  7 giant cockroaches
  A gnoll zombie (Ossuary)
  6 goblins
  6 hobgoblins
  8 jackals
  8 kobolds
  9 quokkas
  2 ball pythons
  2 giant gecko skeletons (D:9)
  5 giant newts
  6 hobgoblin zombies
  A jackal skeleton (D:7)
  A kobold zombie (Ossuary)
  An orc zombie (D:5)
  A quokka skeleton (D:7)
  A quokka zombie (D:9)
  6 rats
299 creatures vanquished.

Notes
Turn   | Place    | Note
--------------------------------------------------------------
     0 | D:1      | Zhenya25pyc the Gargoyle Fighter began the quest for the Orb.
     0 | D:1      | Reached XP level 1. HP: 14/14 MP: 1/1
   118 | D:1      | Reached XP level 2. HP: 9/19 MP: 2/2
   379 | D:1      | Reached XP level 3. HP: 23/23 MP: 3/3
  1208 | D:3      | Reached skill level 3 in Maces & Flails
  1214 | D:3      | Reached XP level 4. HP: 20/29 MP: 4/4
  1950 | D:3      | Reached XP level 5. HP: 33/33 MP: 5/5
  2070 | D:3      | Reached skill level 4 in Maces & Flails
  2538 | D:3      | Reached XP level 6. HP: 35/39 MP: 6/6
  3315 | D:4      | Reached skill level 5 in Maces & Flails
  3315 | D:4      | Reached skill level 5 in Shields
  3315 | D:4      | Reached XP level 7. HP: 44/44 MP: 7/7
  3367 | D:4      | Found Solieg's Assorted Antiques.
  3533 | D:4      | You fall through a shaft for 2 floors!
  3544 | D:6      | Reached skill level 5 in Fighting
  3544 | D:6      | Reached skill level 5 in Armour
  3734 | D:5      | Entered Level 5 of the Dungeon
  3897 | D:5      | Reached skill level 6 in Maces & Flails
  3897 | D:5      | Reached XP level 8. HP: 48/49 MP: 8/8
  4143 | D:5      | Found a stormy altar of Qazlal.
  4178 | D:5      | Found a radiant altar of Vehumet.
  4385 | D:5      | Found a sand-covered staircase.
  4392 | Ossuary  | Entered an ossuary
  4940 | D:5      | Found a staircase to the Ecumenical Temple.
  4946 | Temple   | Entered the Ecumenical Temple
  5000 | Temple   | Became a worshipper of Warmaster Okawaru
  5244 | D:6      | Reached skill level 7 in Maces & Flails
  5304 | D:6      | Got a scintillating bronze ring
  5332 | D:6      | Identified the ring of Mofaycw {SInv Stlth+} (You took it off an orc on level 6 of the Dungeon)
  5357 | D:6      | Found Nene's Antique Armour Shoppe.
  5576 | D:6      | Found a shattered altar of Ashenzari.
  5581 | D:6      | Reached XP level 9. HP: 55/55 MP: 9/9
  5851 | D:7      | Reached * piety under Okawaru
  6266 | D:7      | Gained mutation: You are resistant to hostile enchantments. [potion of mutation]
  6266 | D:7      | Gained mutation: You are partially covered in slimy green scales (AC +2). [potion of mutation]
  6269 | D:7      | Gained mutation: You occasionally shout uncontrollably at your foes. [potion of mutation]
  6269 | D:7      | Gained mutation: Your muscles are strong. (Str +2) [potion of mutation]
  6269 | D:7      | Gained mutation: You expend magic power (3 MP) to strengthen your wands. [potion of mutation]
  6301 | D:7      | Reached skill level 8 in Maces & Flails
  6595 | D:6      | Bought a spiked plate armour for 588 gold pieces
  6605 | D:6      | Identified the +7 plate armour of the Mind {+Fly rPois rC++ Str-2} (You bought it in a shop on level 6 of the Dungeon)
  6741 | D:8      | Reached skill level 1 in Invocations
  6792 | D:8      | Found a sparkling altar of Nemelex Xobeh.
  6933 | D:8      | Found a staircase to the Lair.
  6946 | D:8      | Reached ** piety under Okawaru
  7978 | D:8      | Found a snail-covered altar of Cheibriados.
  7981 | D:8      | Found an opulent altar of Gozag.
  7984 | D:8      | Found a glowing golden altar of the Shining One.
  8130 | D:9      | Reached skill level 9 in Maces & Flails
  8152 | D:9      | Reached XP level 10. HP: 62/63 MP: 12/12
  8296 | D:9      | Got an ancient dagger
  8297 | D:9      | Identified the cursed +3 dagger "Metou" {pain, rElec Int+5 Dex+4} (You found it on level 9 of the Dungeon)
  8354 | D:9      | Got a slimy flail
  8366 | D:9      | Reached *** piety under Okawaru
  8404 | D:9      | Identified the +10 flail of the Blowfly {crush, +Rage rC- Str+3 Int+3} (You found it on level 9 of the Dungeon)
  8459 | D:9      | Found a white marble altar of Elyvilon.
  8460 | D:9      | Found Nuss's Hallowed Reliquary.
  8463 | D:9      | Noticed an angel
  8834 | D:9      | Noticed a skeletal warrior
  8858 | D:9      | Killed a skeletal warrior
  8858 | D:9      | Received a gift from Okawaru
  8873 | D:9      | Reached **** piety under Okawaru
  8943 | D:9      | Noticed a necromancer
  8959 | D:9      | Killed a necromancer
  8959 | D:9      | Reached skill level 10 in Maces & Flails
  9383 | D:10     | Entered Level 10 of the Dungeon
  9450 | D:10     | Noticed Maurice
  9465 | D:10     | Killed Maurice
  9465 | D:10     | Reached skill level 5 in Invocations
  9465 | D:10     | Reached XP level 11. HP: 64/68 MP: 14/14
  9516 | D:10     | Noticed an unseen horror
  9536 | D:10     | Killed an unseen horror
  9791 | D:10     | Reached ***** piety under Okawaru
  9863 | D:10     | Noticed Erolcha
  9869 | D:10     | Killed Erolcha
  9978 | D:11     | Noticed a seven-headed hydra
  9984 | D:11     | Killed a seven-headed hydra
 10231 | D:11     | Noticed an unseen horror
 10234 | D:11     | Killed an unseen horror
 10234 | D:11     | Reached skill level 11 in Maces & Flails
 10338 | D:11     | Noticed a green ugly thing
 10353 | D:11     | Killed a green ugly thing
 10385 | D:11     | Gained mutation: Your spells are a little easier to cast, but a little less powerful. [mutagenic meat]
 10386 | D:11     | Lost mutation: You are partially covered in slimy green scales (AC +2). [mutagenic meat]
 10387 | D:11     | Lost mutation: You expend magic power (3 MP) to strengthen your wands. [mutagenic meat]
 10586 | D:12     | Noticed a hill giant
 10599 | D:12     | Killed a hill giant
 10664 | D:12     | Noticed a hill giant
 10668 | D:12     | Noticed Frances
 10671 | D:12     | Killed a hill giant
 10671 | D:12     | Reached ****** piety under Okawaru
 10680 | D:12     | Noticed a soul eater
 10686 | D:12     | Killed from afar by a smoke demon

Vault maps used:
D:1:      scummos_arrival_simple_fountains, minmay_misc_feat_tiny
D:3:      first_bread, grunt_ministairs_15, kennysheep_generic_room_10
D:4:      serial_shops, shop, due_unseen_surprise
D:5:      lemuel_crystal_altar, nicolae_overflow_hidden_temple,
          minmay_temple_entry_enclosed_plants, nicolae_ossuary_entry_giza
D:6:      basic_altar, serial_shops, nicolae_shop_temple_entry_statues_fountains
D:7:      grunt_ogre_cave
D:8:      nemelex_xobeh_ov_fountains_minmay, grunt_temple_overflow_diamond,
          minmay_lair_entry_lava
D:9:      hangedman_screamer, nicolae_good_shop
D:10:     st_stairs_6, uniq_erolcha, uniq_maurice
D:12:     erik_orc_3, uniq_maud, uniq_frances, uniq_rupert
Temple:   water_room_temple_a_12
Ossuary:  ossuary_tomb_3

Skill      XL: |  1  2  3  4  5  6  7  8  9 10 11 |
---------------+----------------------------------+-----
Maces & Flails | 3 4 5 6 7 9 10 11 | 11.4
Fighting       | 4 5 6 7 8 9 |  9.2
Shields        | 4 5 6 7 8 9 |  9.4
Armour         | 4 5 6 7 8 9 |  9.3
Invocations    | 3 5 6 |  6.6

Action                   |  1- 3 |  4- 6 |  7- 9 | 10-12 || total
-------------------------+-------+-------+-------+-------++-------
Melee: Flail             |    99 |    26 |       |   345 ||   470
       Mace              |       |   117 |   527 |    51 ||   695
  Use: Scroll            |       |       |    10 |     2 ||    12
       Potion            |       |       |     2 |     1 ||     3
  Eat: Chunk             |       |     8 |    15 |    10 ||    33
       Fruit             |       |       |     1 |       ||     1
       Pizza             |       |       |       |     2 ||     2
Armor: Scale mail        |    37 |       |       |       ||    37
       Chain mail        |    19 |    99 |       |       ||   118
       Plate armour      |       |     3 |   305 |   249 ||   557
Dodge: Dodged            |    28 |    34 |    90 |    71 ||   223
Block: Shield            |    54 |    87 |   289 |   239 ||   669
